AoeStats
← 酒醉上義姬

Arena

509419645Analyzed
4v4 RM · 7d ago on Sep 26, 2026· 46m 24s· 8 players
Game mode
Random Map
Map size
Large (8 player)
Population
200
Speed
Normal
Resources
Standard
Victory
Conquest
Starting age
Dark Age
Ending age
Imperial Age
RankedLock teamsTeams togetherTeam positionsShared explorationLock speedFull tech treeHidden civsTurbo modeCheats
Victory
Defeat
🇮🇩 Danes · Indonesia
1361
+15
🇺🇸 Wu · United States
1361
+15
🇫🇷 Franks · France
1344
+16
🇩🇪 Poles · Germany
1341
+16
🇹🇷 Inca · Türkiye
1472
-20
🇹🇷 Lithuanians · Türkiye
1413
-18
🇹🇷 Britons · Türkiye
1296
-14
🇹🇷 Hindustanis · Türkiye
1210
-10
Flyingsheep78
11:04 Feudal Age
14:59 Castle Age
12:51 Double-Bit Axe
13:32 Horse Collar
16:10 Bow Saw
21:41 Wheelbarrow
23:31 Hand Cart
28:46 Imperial Age
26:01 Loom
26:56 Scale Mail Armor
27:06 Forging
27:30 Heavy Plow
27:22 Gold Mining
27:22 Stone Mining
28:00 Chain Mail Armor
27:45 Pikeman
28:25 Squires
28:38 Town Watch
28:57 Halberdier
31:06 Plate Mail Armor
31:44 Man-at-Arms
33:52 Iron Casting
32:47 Long Swordsman
34:19 Gold Shaft Mining
33:28 Two-Handed Swordsman
34:50 Masonry
37:07 Champion
40:13 Arson
40:38 Fletching
41:31 Conscription
43:07 Blast Furnace
42:02 Bodkin Arrow
45:10 Coinage
Spätzlepfanne
9:01 Loom
10:50 Feudal Age
12:05 Double-Bit Axe
12:02 Horse Collar
14:50 Castle Age
12:39 Loom
15:49 Bow Saw
15:58 Heavy Plow
21:33 Stone Mining
23:25 Wheelbarrow
23:57 Husbandry
24:05 Scale Barding Armor
25:05 Stone Shaft Mining
24:50 Hand Cart
28:19 Imperial Age
26:17 Bloodlines
25:28 Light Cavalry
26:42 Chain Barding Armor
26:44 Gold Mining
27:17 Forging
27:41 Szlachta Privileges
28:48 Iron Casting
28:39 Cavalier
30:30 Blast Furnace
30:01 Conscription
30:57 Chemistry
30:59 Crop Rotation
31:42 Coinage
33:19 Hoardings
33:30 Caravan
34:02 Banking
34:07 Fortified Wall
34:03 Siege Engineers
34:19 Ballistics
34:14 Winged Hussar
35:31 Fletching
35:53 Masonry
35:23 Treadmill Crane
35:56 Caravan
35:53 Murder Holes
36:34 Town Watch
36:46 Bodkin Arrow
37:21 Padded Archer Armor
38:39 Lechitic Legacy
42:08 Town Patrol
42:10 Bracer
42:25 Leather Archer Armor
Clint Eastwood
11:00 Feudal Age
15:02 Castle Age
13:11 Double-Bit Axe
25:57 Forging
28:32 Wheelbarrow
29:02 Gold Mining
32:40 Imperial Age
30:50 Gold Shaft Mining
30:26 Scale Barding Armor
31:37 Iron Casting
31:32 Husbandry
31:33 Loom
32:45 Chain Barding Armor
32:56 Scale Mail Armor
32:59 Arson
33:15 Squires
33:44 Conscription
34:00 Cavalier
36:07 Ballistics
36:18 Light Cavalry
38:37 Blast Furnace
37:45 Capped Ram
37:53 Paladin
39:59 Plate Barding Armor
38:52 Elite Throwing Axeman
39:56 Fletching
41:10 Chemistry
40:06 Murder Holes
酒醉上義姬
9:53 Feudal Age
12:37 Wheelbarrow
14:25 Castle Age
12:50 Double-Bit Axe
13:40 Horse Collar
14:13 Gold Mining
14:56 Stone Mining
15:58 Heavy Plow
16:52 Bow Saw
19:23 Loom
23:18 Arson
23:58 Scale Mail Armor
25:00 Forging
26:22 Chain Mail Armor
26:30 Hamask
28:53 Iron Casting
29:47 Squires
29:33 Gambesons
30:30 Gold Shaft Mining
32:03 Hand Cart
35:42 Imperial Age
37:09 Conscription
36:10 Elite Jomsviking
36:12 Capped Ram
37:47 Stone Shaft Mining
37:47 Plate Mail Armor
38:18 Blast Furnace
38:00 Northmen's Fury
38:08 Siege Ram
40:28 Town Watch
41:19 Fletching
CatyKat
11:23 Feudal Age
12:46 Double-Bit Axe
15:29 Castle Age
13:41 Horse Collar
23:28 Gold Mining
26:01 Fletching
25:53 Crossbowman
27:00 Bodkin Arrow
27:29 Ballistics
35:01 Imperial Age
33:53 Padded Archer Armor
35:30 Gold Shaft Mining
35:08 Arbalester
36:21 Bracer
37:50 Chemistry
37:06 Leather Archer Armor
37:23 Bow Saw
39:06 Stone Mining
38:59 Pikeman
40:23 Wheelbarrow
39:59 Scale Mail Armor
40:30 Ring Archer Armor
40:10 Forging
43:23 Fortified Wall
anil.avsar
2:49 Loom
10:43 Feudal Age
15:22 Castle Age
13:14 Double-Bit Axe
13:10 Horse Collar
16:48 Bow Saw
16:40 Heavy Plow
17:25 Wheelbarrow
22:21 Hand Cart
26:23 Imperial Age
25:39 Bloodlines
25:29 Husbandry
25:43 Scale Barding Armor
25:38 Town Watch
26:48 Chain Barding Armor
26:40 Forging
28:05 Two-Man Saw
26:27 Heavy Camel Rider
28:50 Plate Barding Armor
28:23 Gold Mining
28:28 Imperial Camel Rider
30:12 Iron Casting
32:13 Blast Furnace
34:18 Gold Shaft Mining
JUST A TURK
11:02 Feudal Age
14:33 Castle Age
12:53 Double-Bit Axe
13:29 Horse Collar
25:32 Wheelbarrow
24:43 Town Watch
24:46 Loom
25:21 Gold Mining
25:41 Bow Saw
25:32 Heavy Plow
25:58 Stone Mining
27:34 Stone Shaft Mining
32:36 Scale Barding Armor
33:13 Forging
34:10 Chain Barding Armor
33:42 Fletching
34:30 Iron Casting
36:28 Imperial Age
34:53 Hand Cart
34:40 Town Patrol
34:38 Bodkin Arrow
34:45 Scale Mail Armor
36:32 Elite Leitis
37:33 Conscription
37:49 Plate Barding Armor
37:17 Bracer
37:29 Bloodlines
37:20 Husbandry
41:52 Ballistics
42:35 Chemistry
Kaii
10:38 Feudal Age
11:49 Double-Bit Axe
14:26 Castle Age
12:10 Horse Collar
14:05 Wheelbarrow
13:41 Town Watch
14:31 Wheelbarrow
16:05 Bow Saw
22:44 Loom
24:48 Heavy Plow
26:02 Hand Cart
25:49 Gold Mining
30:09 Imperial Age
28:25 Forging
28:15 Scale Mail Armor
28:40 Champi Runner
29:20 Squires
29:06 Arson
30:00 Iron Casting
29:25 Champi Warrior
30:58 Iron Casting
30:38 Chain Mail Armor
30:28 Elite Champi Warrior
32:42 Fabric Shields
33:38 Plate Mail Armor
34:55 Blast Furnace
45:11 Pikeman
Connection lost

Rejoining the realm…

Still unreachable

The connection could not be restored.

Session expired

The server has moved on; the page needs a fresh start.